AoeStats
← Thorshammerpådinmor

Arabia

510484105Analyzed
1v1 RM · 1d ago on Oct 1, 2026· 46m 41s· 2 players
Game mode
Random Map
Map size
Tiny (2 player)
Population
200
Speed
Normal
Resources
Standard
Victory
Conquest
Starting age
Dark Age
Ending age
Imperial Age
RankedLock teamsTeams togetherTeam positionsShared explorationLock speedFull tech treeHidden civsTurbo modeCheats
Victory
Defeat
🇫🇷 Chinese · France
897
+16
🇩🇰 Britons · Denmark
897
-16
Thorshammerpådinmor
6:49 Loom
10:19 Feudal Age
19:16 Castle Age
19:15 Scale Barding Armor
19:21 Forging
19:02 Fletching
25:52 Padded Archer Armor
33:41 Elite Skirmisher
36:35 Leather Archer Armor
36:15 Bodkin Arrow
46:20 Imperial Age
45:38 Chain Barding Armor
45:53 Iron Casting
Irvindd
0:27 Loom
10:27 Feudal Age
11:14 Double-Bit Axe
14:02 Horse Collar
16:55 Fletching
20:37 Padded Archer Armor
26:29 Castle Age
25:23 Forging
25:07 Gold Mining
27:03 Wheelbarrow
26:31 Crossbowman
27:17 Thumb Ring
27:09 Bodkin Arrow
27:35 Leather Archer Armor
27:55 Bow Saw
28:30 Town Watch
31:23 Hand Cart
33:18 Heavy Plow
34:59 Scale Barding Armor
35:30 Iron Casting
36:35 Bloodlines
36:26 Husbandry
37:36 Chain Barding Armor
37:47 Town Patrol
39:21 Gold Shaft Mining
38:37 Stone Mining
43:51 Imperial Age
41:48 Great Wall
44:28 Stone Shaft Mining
44:07 Fortified Wall
43:54 Cavalier
45:35 Blast Furnace
45:11 Plate Barding Armor
45:00 Conscription
46:09 Chemistry
45:53 Heavy Scorpion
Connection lost

Rejoining the realm…

Still unreachable

The connection could not be restored.

Session expired

The server has moved on; the page needs a fresh start.